 Dungeon Crawl Stone Soup version 0.27.1 (webtiles) character file.

Game seed: 4840540383852023070

787 Malachi the Reanimator (level 7, -6/46 HPs)
             Began as a Vampire Necromancer on Aug 20, 2021.
             Mangled by Menkaure (22 damage)
             ... on level 4 of the Dungeon.
             The game lasted 00:11:18 (5207 turns).

Malachi the Reanimator (Vampire Necromancer)        Turns: 5207, Time: 00:11:19

Health: -6/46      AC:  5    Str: 13    XL:     7   Next: 56%
Magic:  12/12      EV: 12    Int: 19    God:
Gold:   144        SH:  5    Dex: 15    Spells: 4/12 levels left

rFire    + . .     SeeInvis +   d - +2 dagger (venom)
rCold    . . .     Faith    .   (no shield)
rNeg     . . .     Spirit   .   h - +2 robe {rF+}
rPois    .         Reflect  +   (no helmet)
rElec    .         Harm     .   (no cloak)
rCorr    .         Rampage  .   g - +0 pair of gloves
Will     .....                  (no boots)
Stlth    ++........             b - amulet of reflection
HPRegen  0.35/turn              a - +6 ring of strength
MPRegen  0.13/turn              (no ring)

@: healing quickly
A: alive, fangs 3, see invisible, vampiric 2
a: Exsanguinate


You were on level 4 of the Dungeon.
You visited 1 branch of the dungeon, and saw 4 of its levels.

You collected 144 gold pieces.

Inventory:

Hand Weapons
 d - a +2 dagger of venom (weapon)
Armour
 g - a +0 pair of gloves (worn)
 h - a +2 robe of fire resistance (worn)
Jewellery
 a - a +6 ring of strength (left hand)
 b - an amulet of reflection (around neck)
Scrolls
 i - a scroll of fog
 j - a scroll of identify
Potions
 c - 2 potions of degeneration {unknown}
 e - a potion of brilliance
 f - a potion of flight {unknown}


   Skills:
 + Level 1.1 Short Blades
 - Level 2.6 Dodging
 - Level 3.1 Stealth
 + Level 0.2 Shields
 + Level 3.4 Spellcasting
 * Level 9.4 Necromancy


You had 4 spell levels left.
You knew the following spells:

 Your Spells              Type           Power      Damage    Failure   Level
a - Pain                  Necr           100%       1d9       1%          1
b - Vampiric Draining     Necr           19%        2d8       1%          3
c - Animate Dead          Necr           19%        N/A       3%          4

Your spell library contained the following spells:

 Spells                   Type           Power      Damage    Failure   Level
 Animate Skeleton         Necr           78%        N/A       1%          1
 Agony                    Necr           39%        N/A       9%          5


Dungeon Overview and Level Annotations

Branches:
Dungeon (4/15)
 Temple: D:4-7

Altars:
Ashenzari
Elyvilon
Hepliaklqana

Shops:
D:4 ?

Annotations:
D:4 Menkaure


Innate Abilities, Weirdness & Mutations

Your natural rate of healing is accelerated.
You have razor-sharp teeth.
You have supernaturally acute eyesight. (SInv)
You are afflicted with vampirism and can become a bat while bloodless.


Message History

You see here a scroll of noise.
You see here a scroll of noise.
Key pressed, stopping explore.
Menkaure, Prince of Dust comes into view.
Menkaure shouts!
Menkaure gestures wildly while chanting.
Menkaure seems to speed up.
Menkaure is nearby!
Aiming: Pain (safe; 1% risk of failure)
Press: ? - help, Q - select action, (/) - cycle Shift-Dir - straight line, f - you
Okay, then.
You aren't carrying any items that you can evoke.
Unknown command.
As you read the scroll labelled DIUCWIBAS GOCI, it crumbles to dust.
It is a scroll of amnesia.
Really abort (and waste the scroll)?
Okay, then.
Unknown command.
Aiming: Pain (safe; 1% risk of failure)
Press: ? - help, Q - select action, (/) - cycle Shift-Dir - straight line, f - you That beam is likely to hit you.
Continue anyway? [Y]es or [N]o only, please.
That beam is likely to hit you.
Continue anyway? [Y]es or [N]o only, please.
That beam is likely to hit you.
Continue anyway?
Okay, then.
You hit Menkaure. Your bite misses Menkaure.
Menkaure is lightly damaged.
Menkaure hits you!
You hit Menkaure.
Menkaure is moderately damaged.
Menkaure calls on the powers of darkness!
Your body is wracked with pain!
You hit Menkaure but do no damage.
Menkaure is moderately damaged.
Menkaure hits you.
You hit Menkaure.
Menkaure is moderately damaged.
Menkaure hits you!!
You die...

#...................#..
#...##..########.##'#..
#...##..####..##.#....#
#................#....#
#................#....#
######....##.....'....#
*,,,,#....##.....#....#
*,,,,#....##.....#....#
*,,,,#@...##.....#....#
*,,,,#M..).#.....#..).#
*,,,,#.....#.....#....'
*,,,,#....##.....#.)..#
*,,,,#....##.....#)...#
*,,,,#....########....#
*,,,,#....#...........#
*,,,,'....#...........#
*,,,,*,,,,#......)....#


You could see Menkaure (fast).

Vanquished Creatures
  Sigmund (D:3)
  A water moccasin (D:4)
  An ice beast (D:4)
  A scorpion (D:3)
  4 hounds (D:4)
  A gnoll shaman (D:4)
  Robin (D:3)
  10 gnolls
  2 adders
  2 ufetubi
  A dart slug (D:4)
  10 orcs
  6 ball pythons
  2 endoplasms
  2 giant cockroaches
  10 hobgoblins
  8 jackals (D:1)
  4 bats
  A frilled lizard (D:2)
  18 goblins
  3 kobolds
  6 rats
95 creatures vanquished.

Vanquished Creatures (others)
  4 plants (D:1)
4 creatures vanquished.

Grand Total: 99 creatures vanquished

Notes
Turn   | Place    | Note
-------+----------+-------------------------------------------
     0 | D:1      | Malachi the Vampire Necromancer began the quest for the
                  | Orb.
     0 | D:1      | Reached XP level 1. HP: 13/13 MP: 3/3
   730 | D:1      | Reached XP level 2. HP: 19/19 MP: 3/5
   756 | D:1      | Found a faded altar of an unknown god.
  1455 | D:2      | Gained mutation: You are afflicted with vampirism and can
                  | become a bat while bloodless. [Vampire growth]
  1455 | D:2      | Reached XP level 3. HP: 18/24 MP: 1/6
  1514 | D:2      | You fall into a shaft and drop 1 floor!
  1522 | D:3      | Learned a level 3 spell: Vampiric Draining
  1644 | D:3      | Reached skill level 5 in Necromancy
  1840 | D:2      | Reached XP level 4. HP: 29/30 MP: 3/7
  2561 | D:2      | Reached skill level 6 in Necromancy
  3125 | D:3      | Noticed Robin
  3141 | D:3      | Killed Robin
  3301 | D:3      | Found a hazy altar of Hepliaklqana.
  3317 | D:3      | Noticed Sigmund
  3368 | D:3      | Killed Sigmund
  3369 | D:3      | Reached skill level 7 in Necromancy
  3369 | D:3      | Reached XP level 5. HP: 29/35 MP: 3/8
  3369 | D:3      | Reached XP level 6. HP: 34/41 MP: 3/9
  3457 | D:3      | Reached skill level 8 in Necromancy
  3498 | D:3      | Found a broken altar of Ashenzari.
  3788 | D:3      | Learned a level 4 spell: Animate Dead
  4024 | D:4      | Noticed an ice beast
  4325 | D:4      | Noticed a water moccasin
  4335 | D:4      | Killed a water moccasin
  4336 | D:4      | Reached XP level 7. HP: 21/46 MP: 6/11
  4745 | D:4      | Reached skill level 1 in Short Blades
  4769 | D:4      | Reached skill level 9 in Necromancy
  5006 | D:4      | Found Goteppoa's Magic Scroll Emporium.
  5093 | D:4      | Found a broken altar of Ashenzari.
  5198 | D:4      | Noticed Menkaure
  5207 | D:4      | Mangled by Menkaure

Illustrated notes

Levels and vault maps discovered:
D:1:      nicolae_arrival_somewhat_less_tricky_arrival, layout_loops_ring,
          serial_bayou, serial_bayou_ford_a, serial_bayou_pond_e,
          serial_bayou_pond_e, serial_bayou_crossing,
          ebering_ecumenical_altar_webs, minmay_door_square,
          hangedman_abyss_or_decor_lesser_grid, kennysheep_nondescript,
          nrook_loot_triangle, chequers_serial_rivers_micro_c
D:2:      layout_basic, basic_altar
D:3:      layout_loops_ring, mainiacjoe_overflow_catch_the_wave, uniq_robin,
          uniq_sigmund
D:4:      layout_gridville, serial_shops, shop, minmay_ruined_shrine,
          uniq_menkaure

Skill      XL: |  1  2  3  4  5  6  7 |
---------------+----------------------+-----
Necromancy     | 5 7 8 9 |  9.4
Spellcasting   | 3 |  3.4
Short Blades   | 1 |  1.1
Dodging        | |  2.6
Stealth        | |  3.1
Shields        | |  0.2

Action                   |  1- 3 |  4- 6 |  7- 9 || total
-------------------------+-------+-------+-------++-------
Melee: Unarmed           |     4 |       |       ||     4
       Bite              |     1 |     3 |     1 ||     5
       Dagger            |       |    29 |    30 ||    59
 Cast: Pain              |    68 |    76 |    39 ||   183
       Vampiric Draining |       |     2 |     2 ||     4
       Animate Dead      |       |     2 |       ||     2
  Use: Scroll            |     2 |     3 |     2 ||     7
 Stab: Sleeping          |       |     1 |     1 ||     2
Armor: Robe              |    15 |    12 |    11 ||    38
Dodge: Dodged            |    55 |    41 |     7 ||   103
Block: Other             |       |    14 |     3 ||    17
       Reflection        |       |     2 |       ||     2
